 Dungeon Crawl Stone Soup version 0.32-a0-616-g9348d4545b (webtiles) character file.

Game seed: 10459882069042157430

197413 zenocrate the Fighter (level 17, -3/138 HPs)
             Began as a Demonspawn Earth Elementalist on Mar 5, 2024.
             Was the Champion of Cheibriados.
             Slain by a dire elephant (16 damage)
             ... on level 1 of the Vaults.
             The game lasted 01:25:16 (48004 turns).

zenocrate the Fighter (DsEE)                       Turns: 48004, Time: 01:25:16

Health: -3/138     AC: 11    Str: 30    XL:     17   Next: 77%
Magic:  23/33      EV: 27    Int: 52    God:    Cheibriados [******]
Gold:   1074       SH: 10    Dex: 32    Spells: 1/41 levels left

rFire   + + .        b - staff of conjuration
rCold   + . .        z - +2 buckler
rNeg    + + +        y - +3 robe "Koteste" {rPois rC+}
rPois   +            i - +2 helmet "Biek" {Str+7}
rElec   .            (cloak unavailable)
rCorr   .            j - +0 pair of gloves
SInv    .            e - +1 pair of boots
Will    ++...        C - amulet "Fiock" {Acrobat rF++ rN+++ Will+ Dex-2}
Stlth   +++++        x - +6 ring of intelligence
HPRegen 0.43/turn    g - +6 ring of intelligence
MPRegen 0.23/turn

%: acrobat
@: mighty, studying Conjurations, very slow
A: thin skeletal structure 2, foul stench 2, powered by pain 3, weakness stinger
3, clever 1
}: 1/15 runes: barnacled
a: Renounce Religion, Bend Time, Temporal Distortion, Slouch, Step From Time


You were on level 1 of the Vaults.
You worshipped Cheibriados.
Cheibriados was exalted by your worship.
You visited 8 branches of the dungeon, and saw 30 of its levels.
You also visited: Bailey and Gauntlet.

You collected 3188 gold pieces.
You spent 2114 gold pieces at shops.

Inventory:

Hand Weapons
 M - the +9 sling of the Everdark {heavy, rElec rN+ Str+4 SInv}
   (You found it on level 4 of the Lair of Beasts)

   Str+4:     It affects your strength (+4).
   rElec:     It insulates you from electricity.
   rN+:       It protects you from negative energy.
   SInv:      It lets you see invisible.
Missiles
 v - 7 throwing nets
Armour
 e - a +1 pair of boots (worn)
 i - the +2 helmet "Biek" (worn) {Str+7}
   (You took it off Robin on level 4 of the Dungeon)

   Str+7:     It affects your strength (+7).
 j - a +0 pair of gloves (worn)
 y - the +3 robe "Koteste" (worn) {rPois rC+}
   (You found it on level 1 of the Lair of Beasts)

   rC+:       It protects you from cold.
   rPois:     It protects you from poison.
 z - a +2 buckler (worn)
 J - a +0 kite shield of reflection
 S - +0 ice dragon scales
Magical Staves
 a - the staff of Woe {rF+ Will++ Str-5 Int-5 Fire Earth}
   (You found it on level 4 of the Shoals)

   [staff of fire]

   Base accuracy: +5 Base damage: 5 Base attack delay: 1.2 This weapon's minimum
   attack delay (0.6) is reached at skill level 12.
   Str-5:     It affects your strength (-5).
   Int-5:     It affects your intelligence (-5).
   rF+:       It protects you from fire.
   Will++:    It greatly increases your willpower.
   Fire:      It increases the power of your Fire spells.
   Earth:     It increases the power of your Earth spells.
   It falls into the 'Staves' category.
   It is a one-handed weapon.
 b - a staff of conjuration (weapon)
 d - a staff of death
 E - a staff of cold
Jewellery
 g - a +6 ring of intelligence (right hand)
 w - a ring of magical power
 x - a +6 ring of intelligence (left hand)
 C - the amulet "Fiock" (around neck) {Acrobat rF++ rN+++ Will+ Dex-2}
   (You acquired it on level 3 of the Shoals)

   [amulet of the acrobat]

   Acrobat:   It increases your evasion while moving and waiting.
   Dex-2:     It affects your dexterity (-2).
   rF++:      It greatly protects you from fire.
   rN+++:     It renders you almost immune to negative energy.
   Will+:     It increases your willpower.
 K - a ring of ice
Wands
 f - a wand of mindburst (35)
 A - a wand of roots (11)
 G - a wand of charming (17)
 L - a wand of flame (35)
 O - a wand of quicksilver (3)
Scrolls
 h - 2 scrolls of fog
 k - 6 scrolls of teleportation
 o - 5 scrolls of revelation
 p - 5 scrolls of poison
 u - a scroll of fear
 N - 6 scrolls of blinking
 Q - 3 scrolls of vulnerability
 R - a scroll of enchant armour
 U - 6 scrolls of identify
 V - a scroll of immolation
Potions
 c - 5 potions of enlightenment
 l - a potion of cancellation
 n - 4 potions of attraction
 q - a potion of berserk rage
 r - 2 potions of heal wounds
 s - 6 potions of might
 t - a potion of ambrosia
 B - 7 potions of curing
 D - a potion of brilliance
 F - a potion of magic
 I - 4 potions of invisibility
 P - a potion of mutation
 T - 2 potions of lignification
Miscellaneous
 m - a phial of floods (inert)
 H - a condenser vane (inert)


   Skills:
 + Level 13.6 Fighting
 - Level 3.1 Staves
 - Level 3.7 Armour
 + Level 12.6 Dodging
 - Level 1.7 Stealth
 - Level 6.0 Shields
 + Level 12.6 Spellcasting
 + Level 11.1 Conjurations
 + Level 6.7 Fire Magic
 - Level 5.7 Ice Magic
 + Level 7.6 Air Magic
 * Level 8.2 Earth Magic
 - Level 12.0 Invocations
 - Level 9.5 Evocations


You had one spell level left.
You knew the following spells:

 Your Spells              Type           Power      Damage    Failure   Level
a - Bombard               Conj/Erth      58%        9d10      1%          6
b - Airstrike             Air            42%        2d(6-22)  1%          4
c - Ozocubu's Armour      Ice            75%        N/A       1%          3
d - Starburst             Conj/Fire      56%        6d15      2%          6
e - Ignition              Fire           40%        3d12      95%         8
f - Maxwell's Capacitive  Air            42%        ∞         89%         8
g - Sublimation of Blood  Necr           32%        N/A       1%          2
m - Apportation           Tloc           64%        N/A       1%          1
x - Blink                 Tloc           64%        N/A       1%          2

Your spell library contained the following spells:

 Spells                   Type           Power      Damage    Failure   Level
 Necrotise                Necr           100%       1d9       1%          1
 Sandblast                Erth           100%       2d20      1%          1
 Sting                    Conj/Alch      100%       1d9       1%          1
 Summon Small Mammal      Summ           100%       N/A       1%          1
 Call Imp                 Summ           64%        N/A       1%          2
 Lesser Beckoning         Tloc           64%        N/A       1%          2
 Mercury Vapours          Alch/Air       100%       N/A       1%          2
 Momentum Strike          Conj/Tloc      100%       3d10      1%          2
 Scorch                   Fire           100%       2d9       1%          2
 Static Discharge         Conj/Air       100%       3-8/arc   1%          2
 Call Canine Familiar     Summ           32%        N/A       1%          3
 Dazzling Flash           Conj/Hex       100%       N/A       1%          3
 Fugue of the Fallen      Necr           32%        N/A       1%          3
 Gell's Gravitas          Tloc           32%        N/A       1%          3
 Inner Flame              Hex/Fire       61%        N/A       1%          3
 Passwall                 Erth           87%        N/A       1%          3
 Sigil of Binding         Hex            32%        N/A       1%          3
 Stone Arrow              Conj/Erth      100%       3d13      1%          3
 Summon Ice Beast         Ice/Summ       58%        N/A       1%          3
 Teleport Other           Tloc           32%        N/A       1%          3
 Tukima's Dance           Hex            32%        N/A       1%          3
 Volatile Blastmotes      Fire/Tloc      100%       2d18      1%          3
 Brom's Barrelling Bould  Conj/Erth      100%       2d11      1%          4
 Flame Wave               Conj/Fire      100%       2d21      1%          4
 Iskenderun's Mystic Bla  Conj/Tloc      94%        2d18      1%          4
 Petrify                  Alch/Erth      66%        N/A       1%          4
 Summon Lightning Spire   Summ/Air       64%        N/A       1%          4
 Irradiate                Conj/Alch      47%        3d27      1%          5
 Iskenderun's Battlesphe  Conj           100%       2d15      1%          5
 Dimensional Bullseye     Hex/Tloc       16%        N/A       7%          4
 Manifold Assault         Tloc           32%        N/A       7%          4
 Olgreb's Toxic Radiance  Alch           32%        N/A       7%          4
 Summon Mana Viper        Hex/Summ       32%        N/A       19%         5
 Spellforged Servitor     Conj/Summ      47%        N/A       52%         7
 Dispersal                Tloc           16%        N/A       71%         6
 Summon Cactus Giant      Summ           16%        N/A       71%         6
 Monstrous Menagerie      Summ           16%        N/A       99%         7
 Summon Hydra             Summ           16%        N/A       99%         7


Dungeon Overview and Level Annotations

Branches:
Dungeon (14/15)            Temple (1/1) D:6            Lair (5/5) D:8
 Shoals (4/4) Lair:2       Spider (2/4) Lair:2        Slime (0/5) Lair:4
    Orc (2/2) D:9             Elf (1/3) Orc:2        Vaults (1/5) D:14
 Bailey (visited)         Gauntlet (visited)

Altars:
Ashenzari
Cheibriados
Dithmenos
Fedhas
Gozag
Hepliaklqana
Kikubaaqudgha
Makhleb
Nemelex Xobeh
Okawaru
Qazlal
Ru
Sif Muna
Trog
Uskayaw
Vehumet
Wu Jian
Xom
Yredelemnul
Jiyva
Lugonu

Shops:
D:13 =   Orc:1 ?   Orc:2 (:!(   Shoals:2 =

Portals:
Abyss: Shoals:2

Annotations:
D:9 digging
Lair:5 3 runed translucent doors, ForkInBrain's ghost, journeyman CoHu
Shoals:2 1 runed translucent door


Innate Abilities, Weirdness & Mutations

You have a moderately thin skeletal structure. (Dex +4, Stealth++)
You sometimes emit foul miasma when damaged in melee.
You are powered by pain.
You have a sharp stinger which inflicts weakening toxins.
Your mind is acute. (Int +4, Str/Dex -1)


Message History

Press: ? - help, Dir - look around, f - activate You feel a surge of power!
The bolt of fire misses the deep troll.
The bolt of fire hits the dire elephant!!
The dire elephant is severely wounded.
The bolt of fire hits the dire elephant!!!
The dire elephant is heavily wounded.
The bolt of fire hits the dire elephant!!!
The dire elephant is heavily wounded.
The deep troll is no longer moving slowly.
The dire elephant tramples you!
* * * LOW HITPOINT WARNING * * *
You focus on the pain.
You feel your power returning.
You stumble backwards!
The dire elephant is engulfed in dark miasma.
The dire elephant looks even sicker.
The deep troll is engulfed in dark miasma.
The deep troll looks as sick as possible!
The deep troll seems to slow down.
Unknown command.
Okay, then.
Activating: Slouch (1% risk of failure)
Press: ? - help, Dir - look around, f - activate You can feel time thicken for a moment.
The deep troll is no longer moving slowly.
The dire elephant closely misses you. The dire elephant misses you.
You block the dire elephant's attack. The dire elephant trunk-slaps you.
* * * LOW HITPOINT WARNING * * *
Unknown command.
Unknown command.
Activating: Slouch (1% risk of failure)
Press: ? - help, Dir - look around, f - activate You can feel time thicken for a moment.
You kill the dire elephant!
Cheibriados appreciates the change of pace.
The deep troll is engulfed in dark miasma.
The deep troll looks as sick as possible!
You kill the deep troll!
Cheibriados appreciates the change of pace.
The dire elephant tramples you!
You die...
Cheibriados appreciates the motionlessness of death.

.....Y....................
..).....☼○................
........§°○)[.............
........☼☼§...............
#########$###'#########+##
#.)....# #Y○....# #Y☼....#
#@†....# #......# #......#
######''# #.......#
#.......# #.......#
#.......########
#.......'......#


You could see 2 dire elephants.

Vanquished Creatures
  Jorgrun (D:14)
  Mlioglotl (Shoals:3)
  Rupert (D:13)
  Asterion (Spider:2)
  Polyphemus (Shoals:2)
  A kraken (Shoals:2)
  Aizul (Shoals:4)
  Ilsuiw (Shoals:1)
  A fenstrider witch (Shoals:3)
  Donald (Spider:2)
  An ironbound preserver (Vaults:1)
  2 orc warlords
  A minotaur (Gauntlet)
  Azrael (D:14)
  A spark wasp (Spider:1)
  8 merfolk impalers
  2 dire elephants
  Josephine (D:14)
  3 merfolk javelineers
  An entropy weaver (Spider:1)
  A vault guard (D:14)
  An ice dragon (D:14)
  Fannar (Lair:3)
  A catoblepas (Shoals:1)
  5 hydras
  5 merfolk avatars
  5 centaur warriors
  A dancing weapon (Elf:1)
  Erolcha (D:11)
  4 alligator snapping turtles (Shoals:4)
  4 boulder beetles
  A satyr (Shoals:3)
  5 two-headed ogres
  An ironbound frostheart (Vaults:1)
  6 merfolk aquamancers (Shoals:4)
  14 death yaks
  4 orc high priests (Orc:2)
  2 deep elf knights (Elf:1)
  Urug (Lair:2)
  2 demonic crawlers
  3 sun demons (Shoals:1)
  5 skysharks
  2 pharaoh ants (Spider:1)
  12 sea snakes
  5 deep trolls (Vaults:1)
  A sun moth (Spider:2)
  An orb spider (Spider:1)
  2 deep elf archers (Elf:1)
  18 harpies
  An ironbound convoker (Vaults:1)
  Pikel (D:9)
  8 deep elf pyromancers (Elf:1)
  An orc knight (Bailey)
  5 steelbarb worms
  8 ugly things
  7 wolf spiders
  2 orc sorcerers (Orc:2)
  7 manticores
  7 deep elf zephyrmancers
  5 cyclopes
  15 fauns
  7 merfolk sirens
  A moth of wrath (Spider:1)
  11 elephants
  2 vault sentinels (Vaults:1)
  9 water nymphs
  An apocalypse crab (Shoals:2)
  5 black mambas
  2 torpor snails
  2 gargoyles
  A cane toad (shapeshifter) (D:13)
  12 cane toads
  10 komodo dragons
  2 unseen horrors
  2 kobold demonologists
  5 yaktaurs (Vaults:1)
  4 rime drakes
  A freezing wraith (D:14)
  A troll (shapeshifter) (D:11)
  5 trolls
  36 merfolk
  6 wind drakes
  7 hornets
  7 tarantellas
  31 dream sheep
  4 polar bears
  Grinder (D:4)
  5 snapping turtles
  20 blink frogs
  4 slime creatures (D:13)
  4 jumping spiders (Spider:1)
  32 yaks
  9 water elementals
  A shadow (D:12)
  8 wraiths
  10 culicivoras
  13 spriggans (Lair:5)
  4 wyverns
  3 vampires
  4 fire elementals (D:14)
  A neqoxec (Gauntlet)
  6 wargs
  3 basilisks
  22 redbacks
  3 vampire mosquitoes (D:11)
  2 chaos spawn (Gauntlet)
  2 acid dragons
  2 hell hounds (D:14)
  20 water moccasins
  A sky beast (D:7)
  5 black bears (Lair:5)
  26 orc warriors
  4 ogres
  3 boggarts (Lair:5)
  27 wolves
  5 centaurs
  3 lemures (D:9)
  7 kobold brigands
  14 bullfrogs
  2 scorpions (D:5)
  A gnoll sergeant (D:9)
  24 wights
  A killer bee (D:8)
  7 howler monkeys
  A vampire bat (Lair:5)
  4 bombardier beetles
  2 jellies
  A gnoll bouda (D:6)
  35 orc priests
  4 hounds (D:5)
  Crazy Yiuf (D:6)
  Ijyb (D:4)
  4 hell rats (Lair:1)
  37 orc wizards
  Robin (D:4)
  15 adders
  13 gnolls
  A shadow imp (D:8)
  A white imp (D:7)
  6 dart slugs
  61 orcs
  6 ball pythons
  11 endoplasms
  3 giant cockroaches
  14 goblins
  4 hobgoblins
  9 jackals
  5 quokkas
  11 bats
  5 frilled lizards
  30 kobolds
  7 rats
  3 tentacles (Shoals:2)
991 creatures vanquished.

Vanquished Creatures (others)
  A water moccasin (Lair:3)
  6 tentacles (Shoals:2)
7 creatures vanquished.

Grand Total: 998 creatures vanquished

Notes
Turn   | Place    | Note
-------+----------+-------------------------------------------
     0 | D:1      | zenocrate the Demonspawn Earth Elementalist began the quest
                  | for the Orb.
     0 | D:1      | Reached XP level 1. HP: 13/13 MP: 3/3
   202 | D:1      | Gained mutation: You may rarely emit foul miasma when
                  | damaged in melee. [demonic ancestry]
   202 | D:1      | Reached XP level 2. HP: 11/19 MP: 0/5
   403 | D:1      | Found a faded altar of an unknown god.
   693 | D:1      | Gained mutation: You sometimes gain a little power by
                  | taking damage. [demonic ancestry]
   693 | D:1      | Reached XP level 3. HP: 24/25 MP: 4/6
   901 | D:1      | Learned a level 3 spell: Stone Arrow
   944 | D:2      | You fall into a shaft and drop 1 floor!
  1173 | D:2      | Reached skill level 1 in Fighting
  1373 | D:2      | Reached XP level 4. HP: 29/32 MP: 4/7
  2228 | D:2      | Learned a level 4 spell: Brom's Barrelling Boulder
  2296 | D:3      | Reached skill level 2 in Fighting
  2296 | D:3      | Reached XP level 5. HP: 29/38 MP: 1/9
  2812 | D:4      | Noticed an ogre
  2815 | D:4      | Killed an ogre
  2816 | D:4      | Reached skill level 3 in Fighting
  2816 | D:4      | Gained mutation: You have a small tail. [demonic ancestry]
  2816 | D:4      | Reached XP level 6. HP: 47/47 MP: 3/10
  3096 | D:4      | Noticed Grinder
  3121 | D:4      | Killed Grinder
  3495 | D:4      | Noticed Ijyb
  3496 | D:4      | Identified the +2 helmet "Biek" {Str+7}
  3496 | D:4      | Noticed Robin
  3518 | D:4      | Killed Ijyb
  3528 | D:4      | Killed Robin
  3529 | D:4      | Gained mutation: You sometimes gain power by taking damage.
                  | [demonic ancestry]
  3529 | D:4      | Reached XP level 7. HP: 21/53 MP: 0/12
  4081 | D:4      | Found a blossoming altar of Fedhas.
  4239 | D:4      | Learned a level 3 spell: Passwall
  4240 | D:5      | Entered Level 5 of the Dungeon
  4328 | D:5      | Found a hide-covered altar of Uskayaw.
  4467 | D:5      | Found an ancient bone altar of Kikubaaqudgha.
  4524 | D:5      | Reached skill level 4 in Fighting
  4524 | D:5      | Reached skill level 1 in Evocations
  5081 | D:5      | Reached XP level 8. HP: 25/61 MP: 1/14
  5631 | D:5      | Learned a level 4 spell: Petrify
  5974 | D:6      | Reached skill level 5 in Fighting
  6285 | D:6      | Reached skill level 5 in Earth Magic
  6510 | D:6      | Gained mutation: You have a tail ending in a sharp stinger.
                  | [demonic ancestry]
  6510 | D:6      | Reached XP level 9. HP: 68/68 MP: 1/16
  6729 | D:6      | Noticed a gargoyle
  6740 | D:6      | Killed a gargoyle
  6741 | D:6      | Reached skill level 5 in Spellcasting
  6741 | D:6      | Reached skill level 5 in Conjurations
  6904 | D:6      | Found a burning altar of Makhleb.
  6999 | D:6      | Found a runed translucent door.
  7000 | D:6      | Noticed Crazy Yiuf
  7155 | D:6      | Found a staircase to the Ecumenical Temple.
  7550 | D:6      | Killed Crazy Yiuf
  7899 | D:7      | Found a sacrificial altar of Ru.
  7937 | D:7      | Reached skill level 5 in Dodging
  8012 | Temple   | Entered the Ecumenical Temple
  8030 | Temple   | Became a worshipper of Cheibriados the Contemplative
  8053 | D:6      | Learned a level 3 spell: Ozocubu's Armour
  8590 | D:7      | Gained mutation: Your mind is acute. (Int +4, Str/Dex -1)
                  | [potion of mutation]
  8821 | D:8      | Found a staircase to the Lair.
  8922 | D:8      | Reached skill level 6 in Fighting
  9503 | D:8      | Reached * piety under Cheibriados
  9721 | D:8      | Gained mutation: You have a sharp stinger which inflicts
                  | weakening toxins. [demonic ancestry]
  9721 | D:8      | Reached XP level 10. HP: 71/76 MP: 15/18
 10305 | D:8      | Reached ** piety under Cheibriados
 10307 | D:8      | Reached skill level 1 in Invocations
 10308 | D:8      | Reached skill level 1 in Ice Magic
 10555 | Lair:1   | Entered Level 1 of the Lair of Beasts
 10559 | Lair:1   | Noticed a cane toad
 10559 | Lair:1   | Noticed a black mamba
 10564 | Lair:1   | Killed a cane toad
 10568 | Lair:1   | Killed a black mamba
 10723 | Lair:1   | Identified the +3 robe "Koteste" {rPois rC+}
 10803 | Lair:1   | Reached skill level 7 in Fighting
 11179 | Lair:1   | Reached *** piety under Cheibriados
 11200 | Lair:1   | Reached skill level 5 in Invocations
 11401 | Lair:1   | You fall into a shaft and drop 1 floor!
 11405 | Lair:2   | Noticed a cane toad
 11406 | Lair:2   | Gained mutation: You sometimes emit foul miasma when
                  | damaged in melee. [demonic ancestry]
 11406 | Lair:2   | Reached XP level 11. HP: 76/84 MP: 8/21
 11730 | Lair:2   | Noticed a skyshark
 11735 | Lair:2   | Killed a skyshark
 11882 | Lair:1   | Reached **** piety under Cheibriados
 12079 | Lair:1   | Learned a level 4 spell: Airstrike
 12325 | Lair:2   | Found a staircase to the Shoals.
 12475 | Lair:2   | Reached skill level 8 in Fighting
 12477 | Lair:2   | Reached skill level 1 in Air Magic
 12641 | Lair:2   | Found a hole to the Spider Nest.
 12807 | Lair:2   | Noticed Urug
 12819 | Lair:2   | Killed Urug
 12820 | Lair:2   | Reached skill level 1 in Armour
 13299 | Lair:2   | Reached ***** piety under Cheibriados
 13678 | Lair:3   | Noticed Fannar
 13681 | Lair:3   | Noticed a boulder beetle
 13719 | Lair:2   | Killed a boulder beetle
 13836 | Lair:2   | Learned a level 2 spell: Sublimation of Blood
 13953 | Lair:3   | Killed Fannar
 13954 | Lair:3   | Reached XP level 12. HP: 94/94 MP: 10/23
 14297 | Lair:3   | Noticed a four-headed hydra
 14303 | Lair:3   | Killed a four-headed hydra
 14429 | Lair:3   | Noticed a five-headed hydra
 14433 | Lair:3   | Killed a five-headed hydra
 14966 | Lair:3   | Noticed a six-headed hydra
 14976 | Lair:3   | Reached skill level 9 in Fighting
 14977 | Lair:3   | Killed a six-headed hydra
 15371 | Lair:4   | Found a staircase to the Slime Pits.
 15372 | Lair:4   | Found a viscous altar of Jiyva.
 15532 | Lair:4   | Reached skill level 1 in Staves
 15669 | Lair:4   | Noticed a seven-headed hydra
 15677 | Lair:4   | Killed a seven-headed hydra
 15808 | Lair:3   | Reached skill level 10 in Invocations
 15971 | Lair:4   | Reached XP level 13. HP: 27/101 MP: 3/25
 16790 | Lair:4   | Identified the +9 sling of the Everdark {heavy, rElec rN+
                  | Str+4 SInv}
 17051 | Lair:5   | Entered Level 5 of the Lair of Beasts
 17241 | Lair:5   | Reached ****** piety under Cheibriados
 17347 | Lair:5   | Reached skill level 10 in Fighting
 17758 | Lair:5   | Reached skill level 5 in Ice Magic
 18053 | Lair:5   | Noticed ForkInBrain's ghost (journeyman CoHu)
 18071 | Lair:5   | Reached skill level 11 in Fighting
 18174 | Lair:5   | Learned a level 6 spell: Starburst
 18345 | Lair:5   | Gained mutation: You have a somewhat thin skeletal
                  | structure. (Dex +2, Stealth+) [demonic ancestry]
 18345 | Lair:5   | Reached XP level 14. HP: 29/113 MP: 27/27
 18356 | Lair:5   | Reached skill level 5 in Air Magic
 18612 | Lair:5   | Reached skill level 1 in Fire Magic
 19092 | Lair:5   | Reached skill level 5 in Evocations
 19523 | Lair:5   | Found a runed translucent gate.
 19537 | Lair:5   | Found a runed translucent gate.
 19538 | Lair:5   | Found a runed translucent gate.
 20102 | Lair:5   | Learned a level 1 spell: Apportation
 20328 | D:9      | Reached skill level 1 in Shields
 20328 | D:9      | Reached skill level 10 in Spellcasting
 20330 | D:9      | Noticed Pikel
 20354 | D:9      | Killed Pikel
 20916 | D:9      | Found a staircase to the Orcish Mines.
 21628 | D:10     | Entered Level 10 of the Dungeon
 21666 | D:10     | Found a flagged portal.
 21679 | Bailey   | Entered a bailey
 21774 | Bailey   | Found a bloodstained altar of Trog.
 22791 | Orc:1    | Entered Level 1 of the Orcish Mines
 22791 | Orc:1    | Found Viapeaz's Magic Scroll Emporium.
 22794 | Orc:1    | Noticed an orc warlord
 22837 | Orc:1    | Reached skill level 10 in Dodging
 22842 | Orc:1    | Killed an orc warlord
 22989 | Orc:1    | Bought a scroll of blinking for 97 gold pieces
 22989 | Orc:1    | Bought a scroll of identify for 26 gold pieces
 22989 | Orc:1    | Bought a scroll of blinking for 97 gold pieces
 22989 | Orc:1    | Bought a scroll of fog for 52 gold pieces
 22989 | Orc:1    | Bought a scroll of vulnerability for 52 gold pieces
 22989 | Orc:1    | Bought a scroll of identify for 26 gold pieces
 22989 | Orc:1    | Bought a scroll of enchant armour for 97 gold pieces
 22989 | Orc:1    | Bought a scroll of identify for 26 gold pieces
 22989 | Orc:1    | Bought a scroll of fear for 52 gold pieces
 23370 | Orc:2    | Entered Level 2 of the Orcish Mines
 24145 | Orc:2    | Found Orhiss's Weapon Emporium.
 24150 | Orc:2    | Found Xalammo's Distillery.
 24185 | Orc:2    | Found Zutzau's Book Emporium.
 24186 | Orc:2    | Found Engoixt's Weapon Shoppe.
 24196 | Orc:2    | Bought a potion of mutation for 136 gold pieces
 24196 | Orc:2    | Bought a potion of curing for 51 gold pieces
 24196 | Orc:2    | Bought a potion of mutation for 136 gold pieces
 24196 | Orc:2    | Bought 2 potions of might for 136 gold pieces
 24196 | Orc:2    | Bought a potion of curing for 51 gold pieces
 24196 | Orc:2    | Bought a potion of curing for 51 gold pieces
 24196 | Orc:2    | Bought a potion of magic for 136 gold pieces
 24393 | Orc:2    | Found a staircase to the Elven Halls.
 24408 | Orc:2    | Noticed an orc warlord
 24421 | Orc:2    | Killed an orc warlord
 24920 | Orc:2    | Bought a book of Spontaneous Combustion for 532 gold pieces
 25198 | D:11     | Found a gate leading to a gauntlet.
 25212 | Gauntlet | Entered a Gauntlet
 25212 | Gauntlet | Found a transporter.
 25212 | Gauntlet | Found a transporter.
 25221 | Gauntlet | Found a transporter.
 25224 | Gauntlet | Found a transporter.
 25232 | Gauntlet | Found a transporter.
 25236 | Gauntlet | Found a transporter.
 25244 | Gauntlet | Found a transporter.
 25264 | Gauntlet | Found a transporter.
 25275 | Gauntlet | Found a transporter.
 25279 | Gauntlet | Found a transporter.
 25287 | Gauntlet | Found a transporter.
 25291 | Gauntlet | Found a transporter.
 25785 | Gauntlet | Identified the amulet of Kanetz {Faith rF- rN+ Str+5}
 26036 | D:11     | Learned a level 2 spell: Blink
 26165 | D:11     | Noticed Erolcha
 26172 | D:11     | Killed Erolcha
 27073 | Shoals:1 | Entered Level 1 of the Shoals
 27190 | Shoals:1 | Gained mutation: You have a moderately thin skeletal
                  | structure. (Dex +4, Stealth++) [demonic ancestry]
 27190 | Shoals:1 | Reached XP level 15. HP: 112/120 MP: 22/29
 30130 | Shoals:2 | Found a runed translucent door.
 30135 | Shoals:2 | Found a corrupted altar of Lugonu.
 30143 | Shoals:2 | Noticed Ilsuiw
 30332 | Shoals:1 | Reached skill level 5 in Fire Magic
 30454 | Shoals:1 | Learned a level 8 spell: Ignition
 30632 | Shoals:2 | Noticed Polyphemus
 30789 | Shoals:2 | Killed Polyphemus
 30790 | Shoals:2 | Reached skill level 12 in Fighting
 30790 | Shoals:2 | Reached skill level 5 in Shields
 30794 | Shoals:1 | Killed Ilsuiw
 31466 | Shoals:2 | Found Bonorr Geca's Jewellery Emporium.
 31467 | Shoals:2 | Noticed a kraken
 31479 | Shoals:2 | Killed a kraken
 31608 | Shoals:2 | Bought a +6 ring of intelligence for 360 gold pieces
 32018 | Shoals:2 | Found a one-way gate to the infinite horrors of the Abyss.
 32205 | Shoals:3 | Noticed a fenstrider witch
 32211 | Shoals:3 | Killed a fenstrider witch
 32752 | Shoals:3 | Identified a scroll of acquirement
 32765 | Shoals:3 | Reached XP level 16. HP: 56/127 MP: 6/31
 33064 | Shoals:3 | Noticed Mlioglotl
 33070 | Shoals:3 | Killed Mlioglotl
 33073 | Shoals:3 | Acquired the amulet "Fiock" {Acrobat rF++ rN+++ Will+
                  | Dex-2}
 34965 | Lair:1   | Learned a level 6 spell: Bombard
 35027 | Spider:1 | Entered Level 1 of the Spider Nest
 37470 | Elf:1    | Entered Level 1 of the Elven Halls
 38800 | Shoals:4 | Entered Level 4 of the Shoals
 38933 | Shoals:4 | Identified the staff of Woe {rF+ Will++ Str-5 Int-5 Fire
                  | Earth}
 38946 | Shoals:4 | Identified the serpent talisman "Bouj Xus" {Dex+3}
 38946 | Shoals:4 | Noticed Aizul
 38960 | Shoals:4 | Killed Aizul
 39869 | Shoals:4 | Reached skill level 13 in Fighting
 40737 | Shoals:4 | Gained mutation: You are powered by pain. [demonic
                  | ancestry]
 40737 | Shoals:4 | Reached XP level 17. HP: 136/136 MP: 5/33
 41030 | Shoals:4 | Identified the +4 hand axe of the Loving Gods {heavy, rN+
                  | Str+3}
 41868 | Shoals:4 | Reached skill level 10 in Conjurations
 42285 | Shoals:4 | Got a barnacled rune of Zot
 42554 | Shoals:4 | Learned a level 8 spell: Maxwell's Capacitive Coupling
 43074 | D:13     | Found Faeruygu's Jewellery Boutique.
 43481 | D:13     | Noticed Rupert
 43489 | D:13     | Killed Rupert
 44011 | Spider:2 | Noticed Asterion
 44019 | Spider:2 | Killed Asterion
 44481 | Spider:2 | Noticed Donald
 44491 | Spider:2 | Killed Donald
 46480 | D:14     | Noticed Jorgrun
 46485 | D:14     | Killed Jorgrun
 46947 | D:14     | Found a gate to the Vaults.
 47016 | D:14     | Noticed Josephine
 47019 | D:14     | Killed Josephine
 47122 | D:14     | Noticed Azrael
 47123 | D:14     | Killed Azrael
 47603 | D:14     | Found an ornate altar of the Wu Jian Council.
 47772 | Vaults:1 | Entered Level 1 of the Vaults
 48004 | Vaults:1 | Slain by a dire elephant

Illustrated notes

Levels and vault maps discovered:
D:1:      nagdon_arrival_zigzag_paths, layout_basic,
          shapermc_ecumenical_altar_petra
D:2:      layout_basic
D:3:      minmay_octagon_keep, layout_rooms
D:4:      layout_basic, fedhas_altar_4, hangedman_decor_lopped, abandoned_shop,
          nicolae_goblin_pals, uniq_grinder
D:5:      layout_cave_pods, nicolae_kikubaaqudgha_miasma_corner,
          nicolae_uskayaw_murder_on_the_dancefloor
D:6:      nicolae_cairo_tiling_large_dashed, layout_basic,
          overflow_temple_1_default, minmay_temple_entry_nine_rooms,
          minmay_misc_feat_iff, minmay_misc_feat_more_columns,
          nicolae_lava_and_water, roderic_roman_lattice, uniq_crazy_yiuf_cottage
D:7:      wander_river, layout_basic, nicolae_ru_awakened_eye
D:8:      kennysheep_spiral_hall, layout_gridville, lair_entry_dummy
D:9:      layout_cave_pods, hiddenorc1_lemuel, onia_ninara_dug_in_and_dangerous,
          uniq_pikel
D:10:     layout_gridville, enter_bailey_3
D:11:     layout_stronghold, gauntlet_entry_generic, uniq_erolcha
D:12:     layout_loops_ring
D:13:     layout_basic, serial_shops, nicolae_shop_window_shopping, uniq_rupert
D:14:     layout_roguey, david_vaults_4, nzn_wu_jian_council_hall,
          uniq_josephine, uniq_azrael, uniq_jorgrun
Temple:   bh_familiar_temple
Lair:1:   layout_hall_layers, grunt_megastairs_5, infiniplex_staircase_pool_2
Lair:2:   minmay_lair_venomous_thicket, layout_chaotic_city, shoals_dummy_entry,
          nicolae_spider_entry_tight_spaces, uniq_urug
Lair:3:   layout_small_grid, beast_lair_carwin_5, grunt_megastairs_2,
          uniq_fannar
Lair:4:   layout_cellular_growth, slime_entry_1, lemuel_fruit_tree,
          lemuel_fruit_fields, grunt_megastairs_3
Lair:5:   minmay_lair_end_enchanted_forest, layout_long_grid,
          gammafunk_ghost_split, st_stairs_11, roderic_batcave,
          lemuel_fruit_fields, serial_bayou_shore_a
Shoals:1: layout_shoals, nicolae_shoals_sun_and_surf
Shoals:2: layout_shoals, nicolae_shoals_cliffside_cave,
          minmay_shop_enchanted_jewellery, nicolae_shoals_abyss_on_the_beach,
          uniq_ilsuiw, uniq_polyphemus
Shoals:3: cheibrodos_shoals_oceanic_diplomacy, layout_shoals,
          nicolae_shoals_beach_house_on_fowls_legs, uniq_mlioglotl
Shoals:4: shoals_end_grunt_garden, layout_shoals, uniq_aizul
Spider:1: layout_chambers
Spider:2: layout_chambers, uniq_asterion, uniq_donald
Orc:1:    layout_caves, serial_shops, nicolae_shop_waterfront
Orc:2:    st_orc_mages, layout_caves
Elf:1:    minmay_elf_arrival_summoners, layout_gridlike,
          nicolae_elf_crossing_hall, uniq_louise
Vaults:1: vaults_dpeg_cross, hangedman_vaults_hat, nicolae_vaults_trapezoid_3,
          nicolae_vaults_door_testing_chamber, nicolae_vaults_heist,
          nicolae_vaults_frosty_reception, nicolae_vaults_what_the_h,
          ontoclasm_vaults_eye, nicolae_vaults_house_2, layout_vaults_big_room

Skill      XL: |  1  2  3  4  5  6  7  8  9 10 11 12 13 14 15 16 17 |
---------------+----------------------------------------------------+-----
Earth Magic    | 3 4 5 6 7 8 |  8.2
Dodging        | 2 3 4 5 6 7 8 9 10 11 12 | 12.6
Fighting       | 1 2 3 4 5 6 7 8 9 11 12 13 | 13.6
Conjurations   | 2 3 4 6 7 8 9 11 | 11.1
Spellcasting   | 3 4 5 6 7 8 9 10 11 12 | 12.6
Evocations     | 2 3 4 6 7 8 9 |  9.5
Invocations    | 5 8 10 11 12 | 12.0
Ice Magic      | 3 4 5 |  5.7
Air Magic      | 2 4 5 6 7 |  7.6
Armour         | 2 3 |  3.7
Staves         | 2 3 |  3.1
Fire Magic     | 3 5 6 |  6.7
Shields        | 3 5 6 |  6.0
Stealth        | |  1.7

Action                     |  1- 3 |  4- 6 |  7- 9 | 10-12 | 13-15 | 16-18 || total
---------------------------+-------+-------+-------+-------+-------+-------++-------
  Melee: Short sword       |    76 |    49 |       |       |       |       ||   125
         Unarmed           |    17 |       |       |       |       |       ||    17
         Staff             |       |    16 |   130 |   206 |   700 |   497 ||  1549
         Tailslap          |       |     3 |    19 |    47 |   170 |   126 ||   365
   Cast: Sandblast         |    41 |    42 |     3 |     1 |     3 |       ||    90
         Stone Arrow       |       |    28 |   118 |   233 |   286 |    17 ||   682
         Airstrike         |       |       |       |    18 |   181 |   194 ||   393
         Ozocubu's Armour  |       |       |       |     1 |    26 |     5 ||    32
         Starburst         |       |       |       |       |    76 |    67 ||   143
         Bombard           |       |       |       |       |       |   106 ||   106
 Invoke: Slouch            |       |       |       |       |    13 |     5 ||    18
  Evoke: Wand              |       |       |     3 |     3 |     5 |    12 ||    23
         Condenser vane    |       |       |       |       |       |     2 ||     2
         Phial of floods   |       |       |       |       |       |     1 ||     1
    Use: Scroll            |       |     3 |     5 |     4 |    19 |    11 ||    42
         Potion            |       |     3 |     2 |     2 |     6 |     4 ||    17
   Stab: Sleeping          |     2 |     2 |       |       |     4 |     5 ||    13
         Distracted        |       |       |       |     1 |       |     1 ||     2
 Armour: Robe              |    71 |    60 |     3 |   297 |   550 |   263 ||  1244
         Ring mail         |       |       |   186 |    48 |       |       ||   234
         Ice dragon scales |       |       |       |       |       |    31 ||    31
         Skin              |       |       |       |       |       |     1 ||     1
  Dodge: Dodged            |    70 |    63 |   135 |   412 |  1168 |   693 ||  2541
  Block: Buckler           |       |       |       |       |   324 |   324 ||   648

Table legend: (Time is in decaauts)
 A = Elapsed time spent in this place.
 B = Non-inter-level travel time spent in this place.
 C = Inter-level travel time spent in this place.
 D = Time resting spent in this place.
 E = Time spent auto-exploring this place.
 F = Levels seen in this place.
 G = Mean time per level.
                   A        B        C        D        E       F      G
               +--------+--------+--------+--------+--------+-----+--------+
         Total |  62821 |  57549 |   5272 |    866 |  48735 |  32 | 1963.2 |
       Dungeon |  23046 |  20535 |   2511 |    211 |  17765 |  14 | 1646.1 |
        Temple |     40 |      6 |     34 |      0 |      0 |   1 |   40.0 |
          Lair |  14166 |  12814 |   1352 |    374 |  10313 |   5 | 2833.2 |
        Shoals |  12693 |  11903 |    790 |    148 |  10353 |   4 | 3173.2 |
   Spider Nest |   6468 |   6317 |    151 |     12 |   5709 |   2 | 3234.0 |
  Orcish Mines |   3186 |   2990 |    196 |    112 |   2291 |   2 | 1593.0 |
   Elven Halls |   1469 |   1235 |    234 |      5 |   1006 |   1 | 1469.0 |
        Vaults |    280 |    280 |      0 |      4 |    212 |   1 |  280.0 |
        Bailey |    391 |    391 |      0 |      0 |    275 |   1 |  391.0 |
      Gauntlet |   1079 |   1079 |      0 |      0 |    809 |   1 | 1079.0 |
               +--------+--------+--------+--------+--------+-----+--------+

Top non-repeatable levels by time:
Shoals:3: 4279 daAuts
Shoals:1: 3844 daAuts
  Lair:5: 3710 daAuts
  Lair:2: 3313 daAuts
Spider:1: 3245 daAuts
Spider:2: 3222 daAuts
  Lair:4: 2694 daAuts
     D:9: 2563 daAuts
Shoals:4: 2437 daAuts
  Lair:1: 2420 daAuts
     D:8: 2338 daAuts
Shoals:2: 2131 daAuts
  Lair:3: 2026 daAuts
     D:6: 1991 daAuts
    D:14: 1983 daAuts
